Map: Ruins of Seras

Players

PtitDrogo - Winner!

  • Race: Protoss Protoss
  • League: Master

Basior

  • Race: Terran Terran
  • League: Master

Event: DreamHack ZOWIE Open Leipzig

VOD

Have the link to the VOD?

Description

Time

  • Played on: Jan. 22, 2016, 11:50 a.m.
  • Length: 17:06

All games in this series

Show
View Real Time Build Order
Export as new Build Order

PtitDrogo Protoss - Winner!

Build Orders: 1 Gate Expand, Colossus Rush 

Get SALT Encoding   

  12  0:01  Probe (Chrono Boost)  
  13  0:12  Probe (Chrono Boost)  
  14  0:19  Pylon  
  14  0:23  Probe (Chrono Boost)  
  15  0:37  Probe (Chrono Boost)  
  15  0:38  Gateway  
  15  0:42  Assimilator  
  16  0:48  Probe (Chrono Boost)  
  17  0:58  Probe (Chrono Boost)  
  18  1:09  Probe (Chrono Boost)  
  19  1:20  Nexus  
  19  1:23  Probe (Chrono Boost)  
  20  1:33  Cybernetics Core  
  20  1:36  Probe (Chrono Boost)  
  21  1:42  Assimilator  
  22  1:47  Probe (Chrono Boost)  
  22  1:51  Pylon  
  22  1:59  Probe (Chrono Boost)  
  23  2:10  Mothership Core (Chrono Boost), Adept  
  27  2:25  Warp Gate (Chrono Boost)  
  27  2:29  Probe (Chrono Boost)  
  28  2:32  Probe (Chrono Boost)  
  29  2:39  Probe (Chrono Boost)  
  29  2:41  Robotics Facility  
  29  2:42  Probe (Chrono Boost)  
  31  2:50  Probe  
  32  2:52  Probe  
  33  3:02  Probe x2  
  35  3:11  Gateway x2  
  35  3:13  Probe  
  35  3:14  Probe  
  37  3:24  Probe  
  37  3:26  Probe  
  39  3:31  Warp Prism (Chrono Boost)  
  41  3:36  Probe  
  41  3:38  Probe  
  41  3:41  Robotics Bay  
  43  3:48  Probe  
  44  3:51  Probe, Pylon  
  44  3:53  Pylon  
  45  4:00  Probe  
  46  4:05  Assimilator  
  46  4:08  Observer (Chrono Boost)  
  46  4:09  Probe (Chrono Boost), Assimilator  
  48  4:14  Probe (Chrono Boost)  
  49  4:21  Probe (Chrono Boost), Adept x3  
  56  4:26  Probe (Chrono Boost)  
  58  4:31  Probe (Chrono Boost)  
  58  4:32  Observer  
  58  4:36  Nexus  
  58  4:38  Probe (Chrono Boost)  
  60  4:39  Pylon  
  60  4:42  Probe (Chrono Boost), Pylon  
  61  4:50  Probe (Chrono Boost)  
  62  4:55  Observer  
  62  4:57  Adept x2  
  62  4:58  Adept  
  69  5:06  Probe (Chrono Boost)  
  70  5:08  Colossus  
  70  5:16  Probe (Chrono Boost)  
  70  5:20  Probe (Chrono Boost)  
  78  5:28  Pylon  
  78  5:30  Twilight Council  
  78  5:33  Extended Thermal Lance (Chrono Boost)  
  78  5:46  Probe x3  
  78  5:48  Sentry x3  
  87  5:56  Probe  
  87  5:58  Probe x2  
  87  6:00  Gateway x2, Forge  
  90  6:04  Gateway  
  90  6:07  Colossus, Probe  
  90  6:08  Blink (Chrono Boost)  
  90  6:10  Probe x2  
  93  6:15  Pylon  
  93  6:17  Probe  
  93  6:18  Pylon  
  99  6:22  Probe  
  101  6:32  Probe  
  101  6:33  Stalker, Probe  
  101  6:34  Stalker x2  
  101  6:37  Pylon  
  101  6:38  Pylon  
  101  6:39  Pylon  
  109  6:41  Protoss Ground Armor Level 1 (Chrono Boost)  
  109  6:54  Colossus  
  105  7:07  Stalker x2  
  106  7:13  Stalker  
  106  7:17  Stalker  
  104  7:28  Probe x2  
  103  7:32  Stalker, Probe, Assimilator  
  103  7:33  Stalker x2  
  103  7:34  Zealot  
  112  7:38  Photon Cannon  
  112  7:40  Probe x2, Photon Cannon  
  112  7:41  Pylon, Photon Cannon  
  112  7:42  Colossus  
  112  7:43  Pylon  
  114  7:44  Probe, Assimilator  
  121  7:52  Probe x2  
  121  7:56  Probe  
  124  8:03  Adept x3  
  124  8:04  Probe x2, Adept x3  
  138  8:07  Forge  
  137  8:25  Stalker x2, Pylon  
  141  8:29  Colossus  
  141  8:31  Protoss Ground Weapons Level 1 (Chrono Boost)  
  141  8:37  Stalker x2  
  141  8:38  Stalker  
  151  8:55  Zealot x3  
  144  9:09  Zealot x3  
  149  9:22  Probe  
  150  9:25  Protoss Ground Armor Level 2 (Chrono Boost)  
  150  9:27  Pylon  
  150  9:31  Nexus, Pylon  
  150  9:32  Pylon  
  150  9:34  Pylon  
  150  9:36  Stalker x2  
  150  9:37  Stalker  
  156  9:43  Pylon  
  156  9:52  Probe  
  149  10:06  Warp Prism  
  155  10:07  Probe x3  
  155  10:09  Photon Cannon  
  155  10:13  Protoss Ground Weapons Level 2 (Chrono Boost)  
  155  10:14  Stalker x6  
  158  10:18  Templar Archives  
  164  10:22  Gateway  
  164  10:24  Gateway  
  164  10:31  Photon Cannon  
  164  10:32  Photon Cannon  
  164  10:38  Stalker x3  
  164  10:39  Adept  
  172  10:44  Stalker  
  172  10:45  Stalker  
  172  10:48  Psionic Storm  
  170  11:05  Stalker x3  
  170  11:06  Adept  
  173  11:12  Adept x2  
  172  11:25  Probe  
  172  11:31  Probe  
  171  11:33  Probe x2  
  174  11:45  Charge (Chrono Boost)  
  160  11:52  Colossus (Chrono Boost)  
  156  11:58  Protoss Ground Armor Level 3  
  156  12:03  Probe (Chrono Boost)  
  156  12:04  Probe (Chrono Boost)  
  156  12:06  Photon Cannon  
  156  12:07  High Templar  
  156  12:08  Photon Cannon, High Templar x5  
  166  12:12  Assimilator  
  166  12:13  Mothership Core (Chrono Boost)  
  172  12:16  Assimilator  
  172  12:20  Gateway  
  172  12:26  Adept x2  
  176  12:40  Photon Cannon  
  176  12:45  Dark Shrine  
  176  12:48  Stalker  
  176  12:49  Stalker, Zealot x3  
  177  13:04  Colossus (Chrono Boost)  
  182  13:08  Stargate  
  182  13:09  Stargate  
  182  13:23  Zealot x8  
  198  13:44  Zealot  
  194  13:49  High Templar x3  
  200  14:00  Dark Templar  
  186  14:20  Photon Cannon  
  186  14:22  Photon Cannon  
  182  14:25  Photon Cannon  
  182  14:29  Archon x2  
  181  14:35  Pylon  
  181  14:36  Pylon  
  143  14:47  Dark Templar x2  
  132  15:02  Dark Templar x2  
  132  15:03  Dark Templar x3  
Show
View Real Time Build Order
Export as new Build Order

Basior Terran 

Build Orders: Command Center First (CC), MMM Bio 

Get SALT Encoding   

  12  0:00  SCV  
  13  0:12  SCV  
  14  0:17  Supply Depot  
  14  0:24  SCV  
  15  0:39  SCV  
  16  0:51  SCV  
  17  1:01  Command Center  
  17  1:05  SCV  
  18  1:16  Barracks  
  18  1:20  SCV  
  19  1:33  Barracks  
  19  1:35  SCV  
  20  1:45  Barracks  
  20  1:48  SCV  
  21  2:03  Orbital Command  
  21  2:06  Marine  
  22  2:13  Orbital Command  
  22  2:19  Marine  
  23  2:24  Marine  
  23  2:29  SCV  
  25  2:30  Refinery  
  25  2:32  Refinery  
  25  2:33  Marine  
  26  2:37  Marine  
  26  2:39  SCV  
  26  2:42  Marine  
  29  2:44  SCV  
  30  2:52  Marine  
  30  2:55  SCV, Marine  
  30  2:56  Supply Depot  
  30  2:57  SCV  
  34  3:04  Barracks Tech Lab  
  34  3:08  SCV, Supply Depot  
  34  3:09  SCV  
  34  3:12  Barracks Reactor  
  36  3:13  Marine  
  37  3:22  SCV  
  37  3:23  SCV  
  37  3:24  Engineering Bay  
  39  3:29  Stimpack  
  39  3:31  Marine  
  39  3:32  Marine  
  41  3:34  SCV  
  41  3:36  SCV  
  43  3:42  Supply Depot  
  43  3:46  SCV  
  43  3:48  SCV  
  45  3:51  Factory  
  45  3:55  Marine x2  
  47  3:58  SCV  
  47  3:59  Missile Turret  
  47  4:01  SCV  
  49  4:05  Marine x2  
  51  4:11  Supply Depot, SCV  
  51  4:13  SCV  
  51  4:15  Marine x2  
  55  4:23  SCV  
  56  4:24  Barracks Tech Lab  
  56  4:25  Marauder  
  56  4:27  SCV  
  56  4:29  Refinery  
  59  4:32  Terran Infantry Weapons Level 1  
  59  4:33  Marine x2  
  59  4:35  Factory Tech Lab  
  59  4:37  Starport  
  59  4:38  SCV  
  62  4:39  SCV  
  62  4:45  Supply Depot  
  63  4:46  Marine x2  
  63  4:50  SCV  
  63  4:51  Refinery  
  63  4:52  Supply Depot  
  66  4:54  SCV  
  67  5:02  SCV  
  67  5:06  Marauder, Marine  
  67  5:07  SCV, Factory Reactor  
  72  5:14  SCV  
  72  5:19  SCV  
  74  5:24  Marine  
  74  5:26  SCV  
  74  5:27  Barracks Reactor  
  74  5:28  Marauder  
  77  5:31  SCV  
  77  5:32  Bunker  
  77  5:35  Supply Depot  
  78  5:36  Medivac x2  
  78  5:38  SCV  
  78  5:42  Combat Shields, Marine  
  84  5:43  SCV, Concussive Shells  
  84  5:47  Widow Mine x2  
  84  5:49  Marine  
  90  5:50  Supply Depot, SCV  
  90  5:55  SCV  
  92  5:59  Liberator x2  
  92  6:00  Marine  
  92  6:02  SCV  
  94  6:07  Command Center, SCV  
  94  6:15  Marauder, Marine x2  
  94  6:17  Widow Mine  
  106  6:21  Widow Mine  
  106  6:22  SCV  
  109  6:27  Marine  
  109  6:30  Supply Depot  
  109  6:31  Supply Depot  
  110  6:38  Supply Depot  
  110  6:39  Supply Depot  
  110  6:42  Barracks  
  110  6:47  Barracks  
  110  6:51  Marine  
  110  6:52  Marine x3  
  112  6:59  Medivac x2  
  110  7:02  Widow Mine x2  
  113  7:09  Marine x2  
  113  7:12  Marine  
  113  7:13  Marauder  
  112  7:22  Liberator  
  112  7:27  Orbital Command, Marine x2  
  110  7:30  SCV, Marine  
  110  7:34  SCV, Marine  
  110  7:36  Barracks Reactor  
  114  7:40  Starport  
  117  7:44  SCV  
  117  7:45  Marauder, Marine  
  117  7:48  SCV, Marine  
  123  7:55  Orbital Command  
  123  7:56  SCV  
  124  8:00  SCV  
  124  8:04  Marine x2  
  124  8:05  Marauder  
  128  8:07  Medivac  
  128  8:10  SCV  
  131  8:17  Medivac x2  
  135  8:23  SCV x2  
  135  8:24  Ghost Academy  
  137  8:31  Terran Infantry Armor Level 1  
  137  8:33  SCV  
  138  8:35  SCV x2  
  138  8:39  Supply Depot x2  
  138  8:40  Supply Depot  
  140  8:45  SCV  
  140  8:47  SCV x2, Liberator x4  
  139  8:53  Marauder, Marine x2  
  139  8:54  Marine x3  
  132  8:56  Marine  
  132  8:59  SCV  
  113  9:06  Orbital Command  
  111  9:11  Marine x2  
  111  9:12  Marine x2  
  110  9:23  SCV x2  
  111  9:25  Marine x2  
  111  9:26  Marauder  
  111  9:28  Marine x2  
  111  9:30  Liberator  
  111  9:31  Marine x2  
  118  9:32  SCV  
  118  9:33  Liberator x2  
  118  9:35  SCV x2  
  122  9:43  Marine x2  
  124  9:47  Marauder  
  135  9:54  SCV x3  
  135  9:58  Supply Depot  
  131  10:03  Ghost, Marine x2  
  125  10:09  Ghost, Marine x3  
  125  10:11  Medivac  
  125  10:12  SCV x2  
  125  10:13  SCV  
  135  10:15  Liberator  
  135  10:20  Supply Depot  
  135  10:21  Supply Depot  
  135  10:26  Sensor Tower, Marine x2  
  137  10:32  Marine x2  
  141  10:35  Refinery  
  141  10:36  Supply Depot  
  141  10:37  Marine x2  
  141  10:40  Marine  
  143  10:52  Marine x2  
  143  10:54  Marine x2  
  143  10:55  Ghost  
  143  10:56  Marauder  
  149  10:58  Command Center, Marine  
  149  11:10  Marine x2  
  149  11:13  Marine x2  
  149  11:17  Marine  
  149  11:18  Marauder  
  151  11:24  Marine  
  152  11:28  Marine x2  
  152  11:31  Marine x2  
  152  11:35  Marine, Refinery, Liberator  
  152  11:39  Marine  
  122  11:50  Marine x3  
  122  11:51  Marauder  
  122  11:53  Marine  
  122  11:54  Marauder  
  140  11:57  Marine  
  140  11:58  Medivac  
  137  12:06  Armory  
  137  12:08  Marine x3, Starport Tech Lab, Engineering Bay, Fusion Core  
  134  12:09  SCV  
  134  12:10  SCV  
  134  12:11  Marine x2  
  134  12:12  Liberator  
  141  12:22  Marine x2  
  142  12:26  Marine x3  
  142  12:28  Marine  
  142  12:29  Marine  
  151  12:33  Missile Turret  
  151  12:40  Medivac, Marine x2  
  151  12:44  Marine  
  153  12:47  Liberator  
  150  13:01  Ghost, Marine  
  150  13:02  Marine x4  
  154  13:06  Terran Infantry Weapons Level 2  
  154  13:09  Terran Infantry Armor Level 2  
  154  13:16  Ghost  
  154  13:19  Marine x3  
  157  13:20  Marine x2  
  161  13:30  Marine  
  156  13:37  Marine x4  
  156  13:38  Marauder  
  157  13:45  Marine  
  157  13:47  Marine  
  152  13:55  Marine x4  
  147  13:59  Marine  
  141  14:03  Marine  
  141  14:05  Marine  
  137  14:13  Marine x4  
  137  14:15  Medivac x2  
  133  14:17  Marine  
  133  14:21  Marine  
  133  14:23  Marine  
  120  14:30  Marine  
  120  14:31  Marine  
  114  14:44  Medivac  
  89  15:11  Orbital Command  

Tags
 
Add a new tag
Caveats
  • Supply blocks, unpowered buildings, or Contaminate may cause inaccurate times.
  • Supply counts are checked every 10 seconds.